Map: 궤도 조선소

Players

Chicken - Winner!

  • Race: Protoss Protoss
  • League: Master

Ares

  • Race: Protoss Protoss
  • League: Master

VOD

Have the link to the VOD?

Description

Time

  • Played on: Oct. 9, 2015, 1:15 p.m.
  • Length: 7:01
Show
View Real Time Build Order
Export as new Build Order

Chicken Protoss - Winner!

Build Orders: 1 Gate Expand 

Get SALT Encoding   

  12  0:01  Probe (Chrono Boost)  
  13  0:13  Pylon  
  13  0:17  Probe (Chrono Boost)  
  14  0:28  Probe (Chrono Boost)  
  15  0:37  Gateway  
  15  0:38  Probe (Chrono Boost)  
  16  0:49  Probe (Chrono Boost)  
  17  1:00  Probe (Chrono Boost)  
  18  1:10  Probe (Chrono Boost)  
  19  1:15  Nexus  
  19  1:21  Probe (Chrono Boost)  
  19  1:23  Assimilator  
  20  1:31  Probe (Chrono Boost)  
  21  1:35  Assimilator  
  21  1:48  Cybernetics Core  
  21  1:49  Probe (Chrono Boost)  
  22  1:59  Probe (Chrono Boost)  
  23  2:11  Pylon  
  23  2:27  Mothership Core (Chrono Boost)  
  25  2:32  Probe (Chrono Boost)  
  25  2:33  Adept  
  28  2:38  Warp Gate (Chrono Boost)  
  28  2:43  Probe (Chrono Boost)  
  29  2:46  Probe (Chrono Boost)  
  30  2:53  Probe (Chrono Boost)  
  30  2:56  Probe (Chrono Boost)  
  32  3:00  Stalker  
  32  3:04  Probe (Chrono Boost)  
  35  3:07  Probe (Chrono Boost)  
  36  3:14  Probe (Chrono Boost)  
  36  3:17  Probe (Chrono Boost)  
  38  3:24  Twilight Council  
  38  3:25  Probe (Chrono Boost)  
  39  3:27  Pylon  
  39  3:28  Probe (Chrono Boost)  
  39  3:30  Stalker  
  42  3:35  Probe (Chrono Boost)  
  42  3:38  Probe (Chrono Boost)  
  44  3:46  Probe (Chrono Boost)  
  45  3:49  Probe (Chrono Boost)  
  45  3:52  Gateway  
  45  3:54  Gateway  
  46  3:59  Robotics Facility  
  48  4:05  Blink (Chrono Boost)  
  48  4:09  Probe  
  47  4:10  Pylon  
  47  4:11  Probe  
  47  4:12  Stalker  
  47  4:13  Assimilator  
  51  4:24  Probe  
  51  4:25  Assimilator  
  51  4:28  Gateway  
  51  4:32  Gateway  
  51  4:39  Probe  
  51  4:40  Probe  
  51  4:41  Gateway  
  51  4:45  Observer  
  53  4:51  Stalker x2  
  58  4:53  Stalker  
  60  5:00  Probe, Pylon  
  60  5:04  Pylon  
  61  5:08  Pylon  
  61  5:12  Warp Prism  
  63  5:24  Stalker x3  
  63  5:26  Pylon  
  67  5:32  Probe  
  66  5:46  Stalker x4  
  74  5:50  Stalker, Sentry  
  78  5:57  Pylon  
  78  5:59  Pylon  
  77  6:17  Stalker  
  77  6:18  Stalker x4  
  87  6:21  Stalker  
  88  6:29  Mothership Core (Chrono Boost)  
  80  6:47  Stalker x2  
  80  6:48  Stalker x2  
  80  6:52  Stalker  
Show
View Real Time Build Order
Export as new Build Order

Ares Protoss 

Build Orders: Phoenix Opening 

Get SALT Encoding   

  12  0:01  Probe (Chrono Boost)  
  13  0:11  Probe (Chrono Boost)  
  14  0:17  Pylon  
  14  0:22  Probe (Chrono Boost)  
  15  0:36  Probe (Chrono Boost)  
  15  0:37  Forge  
  16  0:46  Probe (Chrono Boost)  
  18  0:57  Probe (Chrono Boost)  
  18  1:00  Gateway  
  18  1:07  Probe (Chrono Boost)  
  19  1:18  Probe (Chrono Boost)  
  20  1:23  Pylon  
  20  1:29  Probe (Chrono Boost)  
  21  1:38  Assimilator  
  21  1:39  Probe (Chrono Boost)  
  22  1:47  Assimilator  
  22  1:49  Cybernetics Core  
  22  1:50  Probe (Chrono Boost)  
  23  2:02  Probe (Chrono Boost)  
  24  2:12  Probe (Chrono Boost)  
  24  2:14  Nexus  
  25  2:23  Probe (Chrono Boost)  
  26  2:33  Probe (Chrono Boost)  
  26  2:34  Warp Gate  
  26  2:35  Stalker (Chrono Boost)  
  29  2:45  Probe  
  29  2:46  Pylon  
  30  2:57  Probe  
  31  3:03  Assimilator  
  31  3:06  Stargate  
  31  3:07  Assimilator  
  31  3:09  Probe  
  32  3:21  Probe  
  33  3:29  Probe (Chrono Boost), Pylon  
  34  3:34  Probe (Chrono Boost)  
  34  3:35  Stargate  
  34  3:40  Probe (Chrono Boost)  
  36  3:45  Probe (Chrono Boost)  
  37  3:49  Probe (Chrono Boost), Phoenix (Chrono Boost)  
  40  3:56  Probe  
  40  3:59  Probe  
  40  4:01  Pylon  
  42  4:08  Probe  
  43  4:11  Phoenix (Chrono Boost)  
  43  4:12  Mothership Core  
  47  4:18  Phoenix (Chrono Boost)  
  47  4:23  Probe  
  50  4:28  Protoss Air Weapons Level 1  
  50  4:33  Probe, Phoenix (Chrono Boost)  
  53  4:41  Robotics Facility  
  53  4:46  Phoenix (Chrono Boost)  
  53  4:47  Probe  
  53  4:48  Probe  
  57  4:55  Phoenix (Chrono Boost)  
  57  4:58  Pylon  
  57  4:59  Probe  
  60  5:08  Phoenix (Chrono Boost)  
  62  5:16  Probe x2  
  62  5:20  Phoenix (Chrono Boost)  
  66  5:30  Phoenix (Chrono Boost)  
  68  5:43  Pylon  
  68  5:44  Pylon  
  68  5:55  Nexus  
  68  5:57  Pylon  
  68  5:58  Observer  
  68  5:59  Pylon  
  68  6:02  Phoenix (Chrono Boost)  
  68  6:04  Phoenix (Chrono Boost)  
  71  6:19  Immortal  
  71  6:23  Probe x2  
  71  6:24  Phoenix (Chrono Boost)  
  81  6:25  Phoenix (Chrono Boost)  
  77  6:44  Pylon  
  77  6:45  Pylon  
  77  6:53  Stalker  
Tags
 
Add a new tag
Caveats
  • Supply blocks, unpowered buildings, or Contaminate may cause inaccurate times.
  • Supply counts are checked every 10 seconds.